 Dungeon Crawl Stone Soup version 0.22.1-6-g1668fe2 (webtiles) character file.

745 wafehling the Magician (level 7, -3/38 HPs)
             Began as a Deep Elf Fire Elementalist on Feb 1, 2019.
             Slain by a centaur (8 damage)
             ... on level 6 of the Dungeon.
             The game lasted 00:33:25 (6321 turns).

wafehling the Magician (Deep Elf Fire Elementalist) Turns: 6321, Time: 00:33:25

Health: -3/38      AC:  1    Str:  5    XL:     7   Next: 47%
Magic:  16/18      EV: 14    Int: 26    God:
Gold:   281        SH:  0    Dex: 16    Spells: 10/19 levels left

rFire    + . .     SeeInvis .   G - +0 halberd (venom)
rCold    x . .     Gourm    .   (shield currently unavailable)
rNeg     . . .     Faith    .   v - +2 animal skin
rPois    .         Spirit   .   w - +0 helmet {wah!}
rElec    .         Reflect  .   (no cloak)
rCorr    .         Harm     .   (no gloves)
MR       .....                  (no boots)
Stlth    +++.......             (no amulet)
HPRegen  0.12/turn              i - +5 ring of intelligence
MPRegen  0.16/turn              g - ring of fire

@: about to teleport, marked, corroded
A: no striking features
a: no special abilities


You were on level 6 of the Dungeon.
You were not hungry.

You visited 1 branch of the dungeon, and saw 6 of its levels.

You collected 281 gold pieces.

Inventory:

Hand Weapons
 b - a cursed +0 flail
 j - a +4 dagger
 r - a +0 dagger of venom
 s - a +2 trident of flaming
 t - a +2 dagger of venom
 x - a +0 hunting sling
 G - a +0 halberd of venom (weapon)
 H - a cursed -1 shortbow
 K - a +0 hunting sling
Missiles
 e - 138 stones (quivered)
 h - 3 javelins
 E - 11 tomahawks
 I - 19 arrows
Armour
 a - a +0 robe
 v - a +2 animal skin (worn)
 w - a +0 helmet (worn) {wah!}
Jewellery
 g - a ring of fire (right hand)
 i - a +5 ring of intelligence (left hand)
 p - a cursed ring of attention {unknown}
 F - an uncursed ring of ice {unknown}
Wands
 m - a wand of enslavement (10)
 q - a wand of acid (7)
Scrolls
 d - a scroll of teleportation
 o - a scroll of fear {unknown}
 u - a scroll of amnesia {unknown}
 y - 2 scrolls of remove curse
 z - a scroll of random uselessness
 C - a scroll of magic mapping
 D - a scroll of fog {unknown}
 M - a scroll of enchant weapon {unknown}
Potions
 f - 2 potions of heal wounds {unknown}
 k - a potion of agility {unknown}
 l - a potion of berserk rage {unknown}
 n - 3 potions of flight {unknown}
 A - a potion of invisibility {unknown}
 B - 2 potions of brilliance {unknown}
 J - a potion of might {unknown}
Comestibles
 c - 9 rations
 L - 4 chunks of flesh


   Skills:
 + Level 1.0 Fighting
 + Level 0.3 Short Blades
 + Level 1.4 Polearms
 + Level 0.1 Throwing
 + Level 3.6 Dodging
 + Level 3.5 Stealth
 + Level 6.5 Spellcasting
 + Level 3.9 Conjurations
 + Level 5.5 Fire Magic


You had 10 spell levels left.
You knew the following spells:

 Your Spells              Type           Power        Failure   Level  Hunger
a - Flame Tongue          Conj/Fire      #####        1%          1    None
b - Throw Flame           Conj/Fire      #####.       1%          2    None
c - Inner Flame           Hex/Fire       ####....     6%          3    None
d - Conjure Flame         Conj/Fire      #####...     2%          3    None

Your spell library contained the following spells:

 Spells                   Type           Power        Failure   Level  Hunger
 Sticky Flame             Conj/Fire      #####...     10%         4    ###....
 Fireball                 Conj/Fire      #####.....   26%         5    #####..


Dungeon Overview and Level Annotations

Branches:
Dungeon (6/15)
 Temple: D:4-7

Altars:
Ashenzari
Elyvilon
Okawaru
Ru
Yredelemnul


Message History

Press: ? - help, Shift-Dir - straight line, f - centaur
Aim: a centaur, wielding a shortbow You feel a surge of power!
The flame tongue hits the centaur.
The centaur is moderately wounded.
The centaur shoots an arrow.
The arrow misses you.
The centaur unwields an uncursed shortbow.
The centaur misses you.
You see here a ration.
You barely miss the centaur.
The centaur is moderately wounded.
The centaur hits you but does no damage.
The centaur misses you. The centaur hits you!
* * * LOW HITPOINT WARNING * * *
Casting: Flame Tongue (safe; 1% risk of failure)
Confirm with . or Enter, or press ? or * to list all spells.
Okay, then.
As you read the scroll labeled YNUFREUFOSCH, it crumbles to dust.
You feel strangely unstable.
It was a scroll of teleportation.
The centaur hits you!
You die...

#....... #+ #.......
#.## #....... ..#
#....... #.##
#....### #####..#
#....### #.(....##
#....'.'
#.(.....####....###
#.@<..#............
#.c...#.####.......
+.....#).# #....##.
#....##..###....##.
#....##.).###'####.
#....##.#)# #.# #.
#....##.#)###.# #.
#.......#..##.# #.
#......#####.##.#####


You could see a centaur.

Vanquished Creatures
  A sky beast (D:5)
  A centaur (D:5)
  A crimson imp (D:5)
  2 jellies
  2 orc priests
  A centaur skeleton (D:4)
  An iguana (D:5)
  An orc wizard (D:6)
  3 worker ants (D:5)
  A hound zombie (D:5)
  Robin (D:3)
  3 gnolls (D:4)
  8 adders
  An ooze (D:1)
  An adder skeleton (D:5)
  2 worms (D:3)
  4 dart slugs
  14 orcs
  6 bats
  6 giant cockroaches
  14 goblins
  12 hobgoblins
  10 jackals
  9 kobolds
  3 quokkas
  5 frilled lizards
  2 leopard gecko skeletons
  A quokka skeleton (D:4)
  8 rats
124 creatures vanquished.

Notes
Turn   | Place    | Note
-------+----------+-------------------------------------------
     0 | D:1      | wafehling the Deep Elf Fire Elementalist began the quest
                  | for the Orb.
     0 | D:1      | Reached XP level 1. HP: 10/10 MP: 6/6
   156 | D:1      | Reached XP level 2. HP: 15/15 MP: 2/8
   881 | D:1      | Reached XP level 3. HP: 19/19 MP: 6/9
   979 | D:2      | Learned a level 2 spell: Throw Flame
   983 | D:2      | Learned a level 3 spell: Inner Flame
  1140 | D:2      | Reached skill level 4 in Spellcasting
  1480 | D:2      | Reached XP level 4. HP: 19/24 MP: 7/12
  2143 | D:3      | Learned a level 3 spell: Conjure Flame
  2145 | D:3      | Found a sacrificial altar of Ru.
  2146 | D:3      | Found a basalt altar of Yredelemnul.
  2148 | D:3      | Found a white marble altar of Elyvilon.
  2148 | D:3      | Found a shattered altar of Ashenzari.
  2299 | D:3      | Noticed Robin
  2801 | D:3      | Killed Robin
  2886 | D:3      | Reached XP level 5. HP: 19/28 MP: 1/13
  3461 | D:3      | Found an iron altar of Okawaru.
  3634 | D:4      | Reached skill level 5 in Spellcasting
  4197 | D:4      | Reached XP level 6. HP: 32/32 MP: 5/16
  4313 | D:5      | Entered Level 5 of the Dungeon
  4733 | D:5      | Reached skill level 5 in Fire Magic
  5282 | D:5      | Reached skill level 6 in Spellcasting
  5319 | D:5      | Reached XP level 7. HP: 37/37 MP: 18/18
  5834 | D:5      | Reached skill level 1 in Polearms
  6104 | D:6      | Reached skill level 1 in Fighting
  6125 | D:6      | Found a shattered altar of Ashenzari.
  6321 | D:6      | Slain by a centaur

Skill      XL: |  1  2  3  4  5  6  7 |
---------------+----------------------+-----
Fire Magic     | 4 5 |  5.5
Spellcasting   | 4 5 6 |  6.5
Conjurations   | 2 3 |  3.9
Dodging        | 3 |  3.6
Stealth        | 3 |  3.5
Polearms       | 1 |  1.4
Fighting       | 1 |  1.0
Short Blades   | |  0.3
Throwing       | |  0.1

Action                   |  1- 3 |  4- 6 |  7- 9 || total
-------------------------+-------+-------+-------++-------
Melee: Unarmed           |     3 |       |       ||     3
       Short sword       |     9 |     9 |       ||    18
       Trident           |       |     6 |       ||     6
       Halberd           |       |    35 |    24 ||    59
Throw: Stone             |       |    13 |       ||    13
 Cast: Flame Tongue      |    64 |   139 |    21 ||   224
       Throw Flame       |       |    10 |       ||    10
       Conjure Flame     |       |     3 |       ||     3
  Use: Scroll            |     3 |     2 |     1 ||     6
 Stab: Sleeping          |       |     1 |     2 ||     3
  Eat: Chunk             |     2 |     5 |     3 ||    10
       Ration            |       |     2 |       ||     2
Armor: Robe              |     4 |    11 |       ||    15
       Animal skin       |       |    13 |     5 ||    18
Dodge: Dodged            |    18 |   112 |    21 ||   151
